 Dungeon Crawl Stone Soup version 0.30-a0-757-ga6a79fd877 (webtiles) character file.

Game seed: 11264067994716764697

8762 mistaj the Severer (level 11, -8/111 HPs)
             Began as a Hill Orc Fighter on Feb 9, 2023.
             Was a Believer of Beogh.
             Killed from afar by an acid dragon (29 damage)
             ... with a splash of acid
             ... on level 10 of the Dungeon.
             The game lasted 00:26:42 (11191 turns).

mistaj the Severer (Hill Orc Fighter)              Turns: 11191, Time: 00:26:43

Health: -8/111     AC: 10    Str: 24    XL:     11   Next: 35%
Magic:  11/11      EV: 10    Int:  8    God:    Beogh [**....]
Gold:   983        SH: 10    Dex: 10    Spells: 10/10 levels left

rFire   . . .      SeeInvis .    e - +5 broad axe (freeze)
rCold   + . .      Faith    .    c - +0 buckler
rNeg    . . .      Spirit   .    b - +0 ring mail {rC+}
rPois   .          Reflect  +    k - +1 helmet
rElec   .          Harm     .    D - +0 cloak
rCorr   .          Rampage  .    A - +0 pair of gloves
Will    +....                    (no boots) Stlth
                                 h - amulet of reflection
HPRegen 0.38/turn                n - ring of willpower
MPRegen 0.12/turn                a - +4 ring of protection

@: corroded
A: no striking features
a: Renounce Religion, Smiting


You were on level 10 of the Dungeon.
You worshipped Beogh.
Beogh was pleased with you.
You visited 1 branch of the dungeon, and saw 10 of its levels.
You also visited: Bailey.

You collected 1243 gold pieces.
You spent 260 gold pieces at shops.

Inventory:

Hand Weapons
 e - a +5 broad axe of freezing (weapon)
 x - a +0 scimitar of flaming
 H - a +0 heavy broad axe
Missiles
 w - 10 javelins (quivered)
Armour
 b - a +0 ring mail of cold resistance (worn)
 c - a +0 buckler (worn)
 k - a +1 helmet (worn)
 A - a +0 pair of gloves (worn)
 D - a +0 cloak (worn)
 F - the +1 leather armour of Maruckek {rC+ rN+ Regen+}
   (You found it on level 8 of the Dungeon)

   rC:        It protects you from cold.
   rN:        It protects you from negative energy.
   Regen:     It increases your rate of health regeneration.
 I - +1 steam dragon scales
Jewellery
 a - a +4 ring of protection (right hand)
 h - an amulet of reflection (around neck)
 n - a ring of willpower (left hand)
Wands
 C - a wand of roots (1)
Scrolls
 l - 3 scrolls of silence
 o - 3 scrolls of enchant armour
 p - 2 scrolls of magic mapping
 s - 4 scrolls of teleportation
 y - 2 scrolls of fog
 E - a scroll of identify
Potions
 d - 4 potions of might
 f - 5 potions of attraction
 g - 3 potions of magic
 i - 3 potions of berserk rage
 j - 4 potions of brilliance
 m - 2 potions of curing
 q - a potion of invisibility
 r - 2 potions of lignification
 t - 2 potions of heal wounds
 v - 2 potions of flight
 z - 3 potions of haste
 B - a potion of mutation
 G - a potion of resistance


   Skills:
 - Level 14.4 Fighting
 + Level 15.5 Axes
 + Level 3.7 Armour
 + Level 5.4 Shields


You had 10 spell levels left.
You didn't know any spells.
Your spell library contained the following spells:

 Spells                   Type           Power      Damage    Failure   Level
 Foxfire                  Conj/Fire      0%         2x1d4     65%         1
 Blink                    Tloc           0%         N/A       78%         2
 Ensorcelled Hibernation  Hex/Ice        0%         N/A       78%         2
 Lesser Beckoning         Tloc           0%         N/A       78%         2
 Momentum Strike          Conj/Tloc      0%         3d8       78%         2
 Passwall                 Tmut/Erth      0%         N/A       78%         2
 Sublimation of Blood     Necr           0%         N/A       78%         2
 Wereblood                Tmut           0%         N/A       78%         2
 Gell's Gravitas          Tloc           0%         N/A       95%         3
 Hailstorm                Conj/Ice       0%         3d3       95%         3
 Swiftness                Air            0%         N/A       95%         3
 Teleport Other           Tloc           0%         N/A       95%         3
 Tukima's Dance           Hex            0%         N/A       95%         3
 Ice Form                 Ice/Tmut       0%         N/A       100%        4
 Passage of Golubria      Tloc           0%         N/A       100%        4
 Petrify                  Tmut/Erth      0%         N/A       100%        4
 Summon Lightning Spire   Summ/Air       0%         N/A       100%        4
 Fireball                 Conj/Fire      0%         3d3       100%        5
 Metabolic Englaciation   Hex/Ice        0%         N/A       100%        5
 Yara's Violent Unravell  Hex/Tmut       0%         3d3       100%        5
 Dispersal                Tloc           0%         N/A       100%        6
 Simulacrum               Ice/Necr       0%         N/A       100%        6
 Starburst                Conj/Fire      0%         6d3       100%        6
 Statue Form              Tmut/Erth      0%         N/A       100%        6
 Storm Form               Tmut/Air       0%         N/A       100%        7
 Summon Hydra             Summ           0%         N/A       100%        7
 Maxwell's Capacitive Co  Air            0%         ∞         100%        8


Dungeon Overview and Level Annotations

Branches:
Dungeon (10/15)            Temple (0/1) D:6          Bailey (visited)
   Lair: D:8-11         Orc: D:9-12

Altars:
Dithmenos
Elyvilon
Kikubaaqudgha
Qazlal
Trog
Uskayaw
Yredelemnul
The Shining One

Shops:
D:7 !   D:8 (

Annotations:
D:6 1 runed translucent door, pigah's ghost, novice OpWn


Message History

You kill the acid dragon!
Beogh accepts your kill.
You barely miss the yak. You hit the yak but do no damage.
You feel sick. You block the yak's attack. The yak closely misses you.
Unknown command.
You slice the yak!! You freeze the yak.
You kill the yak!
Beogh accepts your kill.
You slash the yak! You freeze the yak.
You kill the yak!
Beogh accepts your kill.
You feel sick.
You start resting.
You feel sick.
You are no longer poisoned.
You start resting.
An acid dragon comes into view.
An acid dragon is nearby!
The acid dragon roars!
The acid dragon spits acid at you. The splash of acid hits you!
* * * LOW HITPOINT WARNING * * *
The acid corrodes you! The acid dragon closely misses you.
The acid dragon barely misses you.
You see here an acid dragon corpse.
You slash the acid dragon! You freeze the acid dragon.
The acid dragon is moderately wounded.
You block the acid dragon's attack.
The acid dragon claws you but does no damage.
You hit the acid dragon. You freeze the acid dragon.
The acid dragon is heavily wounded.
The acid dragon bites you but does no damage.
You block the acid dragon's attack.
You closely miss the acid dragon.
The acid dragon is heavily wounded.
The acid dragon closely misses you. The acid dragon barely misses you.
You barely miss the acid dragon.
The acid dragon is heavily wounded.
The acid dragon spits acid at you. The splash of acid hits you!!
You die...

..# ..#
..# ..#
..# ##..#
#D..#
+#@..#
#.†..#
#...†..#
........##
##########


You could see an acid dragon (catching breath).

Vanquished Creatures
  Erolcha (D:9)
  Erica (D:10)
  A two-headed ogre (D:9)
  Maurice (D:9)
  Maggie (D:9)
  A gargoyle (D:10)
  3 hornets
  Sigmund (D:4)
  8 yaks (D:10)
  A wyvern (D:5)
  2 steam dragons
  An acid dragon (D:10)
  Duvessa (D:4)
  4 orc warriors
  3 black bears
  5 ice beasts
  An ogre (D:7)
  5 centaurs
  A phantom (D:4)
  4 kobold brigands
  3 bullfrogs
  A necrophage (D:6)
  A gnoll sergeant (D:3)
  3 scorpions
  Dowan (D:4)
  3 howler monkeys
  4 orc priests
  A jelly (D:7)
  3 hounds
  Jessica (D:3)
  4 iguanas
  9 orc wizards
  A hound zombie (D:4)
  2 hound skeletons (D:4)
  10 gnolls
  10 adders
  2 white imps (D:6)
  An ufetubus (D:4)
  An adder skeleton (D:4)
  5 worms (D:2)
  43 orcs
  11 endoplasms
  4 giant cockroaches
  12 hobgoblins
  8 jackals (D:4)
  7 quokkas
  7 ball pythons
  3 bats
  9 frilled lizards
  12 goblins
  23 kobolds
  6 rats
257 creatures vanquished.

Vanquished Creatures (others)
  An orc priest (D:8)
  3 orcs (D:8)
  A kobold (D:7)
5 creatures vanquished.

Grand Total: 262 creatures vanquished

Notes
Turn   | Place    | Note
-------+----------+-------------------------------------------
     0 | D:1      | mistaj the Hill Orc Fighter began the quest for the Orb.
     0 | D:1      | Reached XP level 1. HP: 19/19 MP: 1/1
    79 | D:1      | Reached skill level 3 in Axes
   123 | D:1      | Found a faded altar of an unknown god.
   147 | D:1      | Reached XP level 2. HP: 24/27 MP: 2/2
   766 | D:2      | Reached XP level 3. HP: 33/33 MP: 3/3
  1223 | D:2      | Reached XP level 4. HP: 41/41 MP: 4/4
  1416 | D:2      | Reached skill level 4 in Axes
  1526 | D:3      | Noticed a scorpion
  1708 | D:3      | Found a glowing golden altar of the Shining One.
  1779 | D:3      | Noticed Jessica
  1820 | D:3      | Killed Jessica
  1821 | D:3      | Reached XP level 5. HP: 30/47 MP: 5/5
  2053 | D:3      | Reached skill level 5 in Fighting
  2342 | D:3      | Found the +5 woodcutter's axe
  2540 | D:3      | Reached skill level 5 in Axes
  2631 | D:3      | Reached skill level 5 in Shields
  2631 | D:3      | Reached XP level 6. HP: 24/56 MP: 6/6
  3055 | D:4      | Found an ancient bone altar of Kikubaaqudgha.
  3199 | D:4      | Noticed Sigmund
  3267 | D:4      | Killed Sigmund
  3268 | D:4      | Reached skill level 6 in Axes
  3268 | D:4      | Reached XP level 7. HP: 58/64 MP: 7/7
  3439 | D:4      | Noticed Duvessa
  3458 | D:4      | Killed Duvessa
  3459 | D:4      | Reached skill level 7 in Axes
  3490 | D:4      | Noticed Dowan
  3514 | D:4      | Killed Dowan
  4060 | D:5      | Entered Level 5 of the Dungeon
  4081 | D:5      | Reached skill level 8 in Axes
  4081 | D:5      | Reached XP level 8. HP: 74/74 MP: 8/8
  4100 | D:5      | Identified a scroll of acquirement
  4100 | D:5      | Acquired a +3 broad axe of freezing
  4133 | D:5      | Noticed a wyvern
  4192 | D:5      | Found a shadowy altar of Dithmenos.
  4243 | D:5      | You fall into a shaft and drop 1 floor!
  4577 | D:5      | Found a white marble altar of Elyvilon.
  4608 | D:5      | Found a stormy altar of Qazlal.
  4747 | D:5      | Found a bloodstained altar of Trog.
  5080 | D:5      | Reached skill level 9 in Axes
  5100 | D:5      | Killed a wyvern
  5507 | D:5      | Acquired 569 gold pieces
  5567 | D:5      | Reached skill level 10 in Axes
  5567 | D:5      | Reached XP level 9. HP: 84/85 MP: 9/9
  5978 | D:6      | Found a runed translucent door.
  5978 | D:6      | Noticed a troll
  5978 | D:6      | Noticed pigah's ghost (novice OpWn)
  6095 | D:6      | Found a staircase to the Ecumenical Temple.
  6218 | D:6      | Reached skill level 10 in Fighting
  6710 | D:7      | Reached skill level 11 in Axes
  6901 | D:7      | Noticed a hornet
  7203 | D:7      | Found Kuinwois's Distillery.
  7207 | D:7      | Bought a potion of magic for 80 gold pieces
  7207 | D:7      | Bought a potion of haste for 100 gold pieces
  7207 | D:7      | Bought a potion of mutation for 80 gold pieces
  7461 | D:7      | Killed a hornet
  7510 | D:7      | Reached skill level 12 in Axes
  7872 | D:8      | Became a worshipper of Beogh the Brigand
  7906 | D:8      | Identified the +1 leather armour of Maruckek {rC+ rN+
                  | Regen+}
  8022 | D:8      | Found a flagged portal.
  8032 | Bailey   | Entered a bailey
  8337 | Bailey   | Noticed an orc knight
  8882 | D:8      | Reached XP level 10. HP: 97/97 MP: 10/10
  9224 | D:8      | Found Dorimmay's Antique Weapon Shop.
  9443 | D:8      | Reached * piety under Beogh
  9870 | D:9      | Found a basalt altar of Yredelemnul.
  9891 | D:9      | Noticed Maurice
  9907 | D:9      | Reached skill level 13 in Axes
  9916 | D:9      | Noticed Erolcha
  9917 | D:9      | Killed Maurice
  9922 | D:9      | Killed Erolcha
  9932 | D:9      | Noticed a two-headed ogre
  9940 | D:9      | Killed a two-headed ogre
  9941 | D:9      | Reached skill level 14 in Axes
 10760 | D:10     | Entered Level 10 of the Dungeon
 10773 | D:10     | Noticed Maggie
 10773 | D:10     | Noticed Erica
 10799 | D:9      | Killed Maggie
 10828 | D:10     | Killed Erica
 10829 | D:10     | Reached skill level 15 in Axes
 10829 | D:10     | Reached XP level 11. HP: 88/110 MP: 11/11
 11034 | D:10     | Reached ** piety under Beogh
 11099 | D:10     | Found a hide-covered altar of Uskayaw.
 11113 | D:10     | Paralysed by a hornet for 3 turns
 11191 | D:10     | Killed from afar by an acid dragon

Illustrated notes

Levels and vault maps discovered:
D:1:      dpeg_arrival_round_b, layout_basic, shapermc_ecumenical_altar_gd,
          fountainhead, minmay_tromino_v4_c
D:2:      minmay_razor_zed, layout_basic
D:3:      layout_basic, mainiacjoe_overflow_24_doors,
          pf_guarded_unrand_woodcutter, uniq_jessica
D:4:      layout_loops_ring, lemuel_coloured_pillars_altar, serial_undead,
          serial_undead_d, serial_undead_e, serial_undead_c, serial_undead_e,
          grunt_decor_fettered, uniq_sigmund, uniq_duvessa
D:5:      cheibrodos_thug_alley, layout_loops_cross, trog_butcher_becter,
          nicolae_dithmenos_the_darkroom, mainiacjoe_overflow_two_lobes,
          st_stairs_5
D:6:      layout_loops_corners, minmay_temple_entry_arrows,
          ebering_ghost_inner_flame
D:7:      layout_loops_corners, serial_shops, shop, minivault_22
D:8:      layout_layer_cave, serial_shops, nicolae_shop_hallway_stairs,
          enter_bailey_7
D:9:      layout_cave_pools, mainiacjoe_overflow_alcove_1, uniq_erolcha,
          uniq_maurice
D:10:     layout_long_grid, nicolae_wu_jian_immortal_techniques,
          mainiacjoe_overflow_boulevard, minivault_22,
          chequers_serial_rivers_room_b, uniq_maggie, uniq_erica

Skill      XL: |  1  2  3  4  5  6  7  8  9 10 |
---------------+-------------------------------+-----
Axes           | 3 4 5 6 8 10 12 15 | 15.5
Fighting       | 4 5 6 7 9 11 14 | 14.4
Shields        | 4 5 |  5.4
Armour         | |  3.7

Action                     |  1- 3 |  4- 6 |  7- 9 | 10-12 || total
---------------------------+-------+-------+-------+-------++-------
  Melee: War axe           |   102 |   125 |       |       ||   227
         Battleaxe         |       |    26 |    73 |       ||    99
         Broad axe         |       |       |   200 |   124 ||   324
 Invoke: Convert to Beogh  |       |       |     1 |       ||     1
    Use: Scroll            |       |     6 |    17 |     4 ||    27
         Potion            |       |       |     1 |     1 ||     2
 Armour: Scale mail        |    22 |    54 |       |       ||    76
         Chain mail        |       |       |    18 |       ||    18
         Ring mail         |       |       |    67 |    30 ||    97
  Dodge: Dodged            |    28 |    56 |    85 |    36 ||   205
  Block: Buckler           |    50 |    71 |   108 |    54 ||   283
         Reflection        |     1 |     5 |     9 |     6 ||    21
         Other             |       |     3 |    13 |       ||    16

Table legend: (Time is in decaauts)
 A = Elapsed time spent in this place.
 B = Non-inter-level travel time spent in this place.
 C = Inter-level travel time spent in this place.
 D = Time resting spent in this place.
 E = Time spent auto-exploring this place.
 F = Levels seen in this place.
 G = Mean time per level.
                   A        B        C        D        E       F      G
               +--------+--------+--------+--------+--------+-----+--------+
         Total |  11318 |  10891 |    427 |   2628 |   5298 |  11 | 1028.9 |
       Dungeon |  10975 |  10548 |    427 |   2513 |   5298 |  10 | 1097.5 |
        Bailey |    342 |    342 |      0 |    115 |      0 |   1 |  342.0 |
               +--------+--------+--------+--------+--------+-----+--------+

Top non-repeatable levels by time:
     D:8: 1623 daAuts
     D:5: 1331 daAuts
     D:7: 1317 daAuts
     D:4: 1234 daAuts
     D:6: 1178 daAuts
     D:2: 1086 daAuts
     D:3: 1076 daAuts
     D:9: 951 daAuts
     D:1: 774 daAuts
    D:10: 399 daAuts
  Bailey: 342 daAuts
